 Dungeon Crawl Stone Soup version 0.19-a0-526-gbe2e51c (webtiles) character file.

580 epen the Charmwright (level 7, -3/52 HPs)
             Began as a Formicid Skald on June 7, 2016.
             Slain by Edmund
             ... wielding a +1 flail of protection
              (7 damage)
             ... on level 5 of the Dungeon.
             The game lasted 00:11:53 (5647 turns).

epen the Charmwright (Formicid Skald)               Turns: 5647, Time: 00:11:54

Health: -3/52      AC:  4    Str: 18    XL:     7   Next: 63%
Magic:  6/12       EV: 12    Int: 11    God:
Gold:   209        SH:  0    Dex: 11    Spells: 4 memorised, 3 levels left

rFire  . . .     SeeInvis +     a - +0 spear
rCold  . . .     Gourm    .     b - +0 leather armour
rNeg   . . .     Faith    .     (no shield)
rPois  .         Spirit   .     (helmet unavailable)
rElec  .         Dismiss  .     (no cloak)
rCorr  .         Reflect  .     B - +0 pair of gloves
SustAt .         Harm     .     (no boots)
MR     .....                    (no amulet)
Stlth  ++........               (no ring)
                                C - ring of stealth

@: not resistant to hostile enchantments, unstealthy
A: permanent stasis, dig shafts and tunnels, four strong arms, antennae 3
a: Dig, Shaft Self


You were on level 5 of the Dungeon.
You were not hungry.

You visited 1 branch of the dungeon, and saw 5 of its levels.

You collected 209 gold pieces.

Inventory:

Hand Weapons
 a - a +0 spear (weapon)
Armour
 b - a +0 leather armour (worn)
 B - a +0 pair of gloves (worn)
Jewellery
 C - a ring of stealth (left hand)
Wands
 z - a wand of enslavement (6/24)
Scrolls
 k - a scroll of recharging {unknown}
 l - a scroll of magic mapping {unknown}
 n - a scroll of enchant weapon {unknown}
 o - a scroll of random uselessness {unknown}
 p - a scroll of fear {unknown}
 r - 2 scrolls of teleportation {unknown}
 x - 2 scrolls of noise {unknown}
 A - a scroll of fog {unknown}
Potions
 e - a potion of ambrosia
 g - 2 potions of magic
 h - 2 potions of invisibility
 i - a potion of curing {unknown}
 q - a potion of berserk rage {unknown}
 u - 2 potions of beneficial mutation {unknown}
 v - 2 potions of haste {unknown}
 w - 3 potions of might
 D - a potion of brilliance {unknown}
Books
 c - a book of Battle

   Spells                             Type                      Level
   a - Infusion                       Charms                       1
   b - Shroud of Golubria             Charms/Translocation         2
   c - Song of Slaying                Charms                       2
   d - Spectral Weapon                Hexes/Charms                 3
   e - Regeneration                   Charms/Necromancy            3
 y - a book of Party Tricks

   Spells                             Type                      Level
   a - Summon Butterflies             Summoning                    1
   b - Apportation                    Translocation                1
   c - Tukima's Dance                 Hexes                        3
   d - Alistair's Intoxication        Transmutation/Poison         5
   e - Invisibility                   Hexes                        6
Comestibles
 d - 5 bread rations
 j - a beef jerky
 m - a meat ration
 t - a royal jelly


   Skills:
 + Level 3.4 Fighting
 * Level 4.0 Polearms
 + Level 2.7 Armour
 + Level 2.4 Dodging
 + Level 3.3 Spellcasting
 + Level 2.3 Hexes
 * Level 4.6 Charms


You had 3 spell levels left.
You knew the following spells:

 Your Spells              Type           Power        Failure   Level  Hunger
a - Infusion              Chrm           ##..         4%          1    #......
b - Song of Slaying       Chrm           ##......     8%          2    ###....
c - Spectral Weapon       Hex/Chrm       #.......     24%         3    ###....
d - Regeneration          Chrm/Necr      #.........   38%         3    ###....


Dungeon Overview and Level Annotations

Branches:
Dungeon (5/15)             Temple (0/1) D:5

Altars:
Pakellas
Xom

Annotations:
D:5 Edmund


Innate Abilities, Weirdness & Mutations

You are under a permanent stasis effect.
You can dig through walls and to a lower floor.
Your four strong arms can wield two-handed weapons with a shield.
You have a pair of large antennae on your head. (SInv)


Message History

Edmund is severely wounded.
Your spectral weapon hits Edmund from afar.
Edmund hits you with a flail of protection!
* * * LOW HITPOINT WARNING * * *
You are too injured to fight recklessly!
You are too injured to fight recklessly!
Your leather armour prevents you from hitting Edmund.
Edmund is severely wounded.
Your spectral weapon barely misses Edmund.
You closely miss Edmund.
Edmund is severely wounded.
Your spectral weapon hits Edmund but does no damage.
Edmund hits you with a flail of protection!
* * * LOW HITPOINT WARNING * * *
You swap places.
Edmund says, "I might not be good at magic, but I can still kill you!"
You are no longer magically infusing your attacks.
Your spectral weapon fades away.
Edmund hits you with a flail of protection!
You die...

..... #.# ..>......#
......#.# ...⌠..#.## .#
... .........# #.###..
.....#..# ####...##.##.
#.##..# ..........#..
#.#@..#####
#...#.......###.@.........
..........................
..........................
..<.......................
#...#....#..#####.........
............# #...######
#####.!..#### #...# ####.#
#...# #.# ..


You could see Edmund.

Vanquished Creatures
  An ogre (D:4)
  The ghost of Xiguana the Ruffian, an amateur VSMo (D:3)
  A howler monkey (D:4)
  An orc priest (D:4)
  3 giant frog skeletons (D:4)
  Jessica (D:3)
  An orc wizard (D:4)
  2 worker ants (D:4)
  7 adders
  An adder skeleton (D:4)
  5 worms
  A dart slug (D:2)
  4 giant geckos
  3 orcs (D:4)
  2 ball pythons
  4 bats
  4 giant cockroaches
  10 hobgoblins
  9 jackals
  5 kobolds
  2 quokkas
  4 giant newts
  18 goblins
  11 rats
101 creatures vanquished.

Vanquished Creatures (others)
  2 spectral weapons
2 creatures vanquished.

Grand Total: 103 creatures vanquished

Notes
Turn   | Place    | Note
--------------------------------------------------------------
     0 | D:1      | epen the Formicid Skald began the quest for the Orb.
     0 | D:1      | Reached XP level 1. HP: 16/16 MP: 3/3
    11 | D:1      | Reached skill level 1 in Dodging
   182 | D:1      | Reached XP level 2. HP: 15/22 MP: 5/5
   186 | D:1      | Learned a level 2 spell: Song of Slaying
   591 | D:1      | Reached XP level 3. HP: 18/27 MP: 3/6
  1209 | D:2      | Learned a level 3 spell: Spectral Weapon
  1405 | D:2      | Reached XP level 4. HP: 24/34 MP: 0/7
  1960 | D:2      | Reached XP level 5. HP: 33/39 MP: 4/8
  2339 | D:2      | Learned a level 3 spell: Regeneration
  2461 | D:2      | Reached skill level 1 in Hexes
  3061 | D:3      | Noticed Xiguana's ghost (amateur VSMo)
  3091 | D:3      | Killed Xiguana's ghost
  3091 | D:3      | Reached XP level 6. HP: 10/46 MP: 2/10
  3446 | D:3      | Noticed Jessica
  3451 | D:3      | Killed Jessica
  3788 | D:3      | Found an oddly glowing altar of Pakellas.
  4304 | D:4      | Noticed an ogre
  4326 | D:4      | Killed an ogre
  4326 | D:4      | Reached XP level 7. HP: 6/52 MP: 9/11
  4664 | D:4      | Found a shimmering altar of Xom.
  5595 | D:5      | Entered Level 5 of the Dungeon
  5621 | D:5      | Found a staircase to the Ecumenical Temple.
  5624 | D:5      | Noticed Edmund
  5647 | D:5      | Slain by Edmund

Vault maps used:
D:1:      dpeg_arrival_morbid_curiosity
D:2:      first_bread
D:3:      wad_crossroads, grunt_pakellas_mercury, uniq_jessica
D:4:      xom_teletrap_fun, st_stairs_4
D:5:      grunt_temple_overflow_magic_moments, fedhas_altar_1,
          gammafunk_temple_overflow_elements, minmay_temple_entry_large_hall,
          uniq_blork_the_orc, uniq_edmund

Skill      XL: |  1  2  3  4  5  6  7 |
---------------+----------------------+-----
Dodging        | 1 2 |  2.4
Hexes          | 1 2 |  2.3
Polearms       | 3 4 |  4.0
Armour         | 2 |  2.7
Charms         | 4 |  4.6
Fighting       | 3 |  3.4
Spellcasting   | 3 |  3.3

Action                   |  1- 3 |  4- 6 |  7- 9 || total
-------------------------+-------+-------+-------++-------
Melee: Spear             |   131 |   215 |    97 ||   443
 Cast: Song of Slaying   |     2 |     1 |     1 ||     4
       Spectral Weapon   |     1 |     4 |     5 ||    10
       Infusion          |       |     5 |     1 ||     6
       Regeneration      |       |       |     1 ||     1
  Use: Scroll            |       |       |     6 ||     6
 Stab: Sleeping          |       |     1 |       ||     1
  Eat: Chunk             |     2 |    10 |     4 ||    16
       Beef jerky        |       |       |     1 ||     1
Armor: Leather armour    |    21 |    22 |    10 ||    53
Dodge: Dodged            |    61 |    86 |    35 ||   182
